| TOP OF THE 1ST |
|
Fort Myers Palms batting - Pitching for Dunedin Blue Jays : LHP Dennis Powell
|
|
Pitching: LHP Dennis Powell
|
|
|
Batting: RHB Stanley Baker
|
0-0: Ball 1-0: Ball 2-0: Called Strike 2-1: Fly out, F7 (Line Drive, 7, EV 106.9 MPH)
|
|
Batting: RHB Johnny Evans
|
0-0: Called Strike 0-1: Swinging Strike 0-2: Ball 1-2: Ball 2-2: Strikes out swinging
|
|
Batting: RHB Lindon Duncan
|
0-0: Ball 1-0: Called Strike 1-1: Ground out 5-3 (Groundball, 56, EV 93.8 MPH)
|
| Top of the 1st over - 0 runs, 0 hits, 0 errors, 0 left on base; Fort Myers 0 - Dunedin 0 |
| BOTTOM OF THE 1ST |
|
Dunedin Blue Jays batting - Pitching for Fort Myers Palms : LHP Rich Devincenzo
|
|
Pitching: LHP Rich Devincenzo
|
|
|
Batting: RHB David Hall
|
0-0: SINGLE (Groundball, 56D, EV 106.3 MPH)
|
|
Batting: LHB Ray Cosey
|
0-0: Ball 1-0: Ball 2-0: Fielders Choice at 2nd, 4-6 (Groundball, 4, EV 113.1 MPH)
|
|
Batting: RHB Miguel Rodriguez
|
0-0: Called Strike Ray Cosey steals 2nd base 0-1: Called Strike 0-2: Ball 1-2: Ball 2-2: Foul Ball, location: 2F 2-2: Ball 3-2: Base on Balls
|
|
Batting: RHB Dale Berra
|
0-0: Called Strike 0-1: Ball Ray Cosey steals 3rd, throwing error, E2 Ray Cosey scores Miguel Rodriguez to third 1-1: Ball 2-1: Fly out, F7 (Flyball, 78D, EV 103.8 MPH) Runner from 3rd tags up, SCORES, throw by LF
|
|
Batting: LHB Manny Leal
|
0-0: Called Strike 0-1: Foul Ball, location: 2F 0-2: Ground out 5-3 (Groundball, 5, EV 81.3 MPH)
|
| Bottom of the 1st over - 2 runs, 1 hit, 1 error, 0 left on base; Fort Myers 0 - Dunedin 2 |
| TOP OF THE 2ND |
|
Fort Myers Palms batting - Pitching for Dunedin Blue Jays : LHP Dennis Powell
|
|
Batting: LHB James Atkinson
|
0-0: Fly out, F7 (Line Drive, 7, EV 101.3 MPH)
|
|
Batting: RHB Matt Sinatro
|
0-0: Ball 1-0: Called Strike 1-1: Called Strike 1-2: Ball 2-2: Ball 3-2: Base on Balls
|
|
Batting: RHB Jay Greb
|
0-0: Swinging Strike 0-1: Ball 1-1: Ground out 3-1 (Groundball, 13, EV 89.4 MPH) Matt Sinatro to second
|
|
Batting: LHB Arthur Carlisi
|
0-0: Ball 1-0: Called Strike 1-1: Ball 2-1: Swinging Strike 2-2: Strikes out swinging
|
| Top of the 2nd over - 0 runs, 0 hits, 0 errors, 1 left on base; Fort Myers 0 - Dunedin 2 |
| BOTTOM OF THE 2ND |
|
Dunedin Blue Jays batting - Pitching for Fort Myers Palms : LHP Rich Devincenzo
|
|
Batting: RHB Brad Wellman
|
0-0: Fly out, F9 (Flyball, 9S, EV 81.3 MPH)
|
|
Batting: LHB Monte McAbee
|
0-0: Called Strike 0-1: Ball 1-1: Foul Ball, location: 2F 1-2: Strikes out swinging
|
|
Batting: RHB Dann Bilardello
|
0-0: Ball 1-0: Ball 2-0: Ground out 4-3 (Groundball, 4, EV 85.0 MPH)
|
| Bottom of the 2nd over - 0 runs, 0 hits, 0 errors, 0 left on base; Fort Myers 0 - Dunedin 2 |
| TOP OF THE 3RD |
|
Fort Myers Palms batting - Pitching for Dunedin Blue Jays : LHP Dennis Powell
|
|
Batting: RHB Tim Brown
|
0-0: Swinging Strike 0-1: Foul Ball, location: 2F 0-2: Fly out, F9 (Flyball, 9, EV 93.8 MPH)
|
|
Batting: SHB Porter Wyatt
|
0-0: Ball 1-0: Foul Ball, location: 2F 1-1: Ground out 5-3 (Groundball, 56, EV 83.8 MPH)
|
|
Batting: RHB Stanley Baker
|
0-0: Called Strike 0-1: Ball 1-1: Foul Ball, location: 2F 1-2: Ball 2-2: Ball 3-2: Strikes out looking
|
| Top of the 3rd over - 0 runs, 0 hits, 0 errors, 0 left on base; Fort Myers 0 - Dunedin 2 |
| BOTTOM OF THE 3RD |
|
Dunedin Blue Jays batting - Pitching for Fort Myers Palms : LHP Rich Devincenzo
|
|
Batting: RHB Scott Richartz
|
0-0: Called Strike 0-1: Ball 1-1: Ball 2-1: Ball 3-1: Called Strike 3-2: Base on Balls
|
|
Batting: RHB David Hall
|
0-0: Ball 1-0: Ball 2-0: Foul Ball, location: 2F 2-1: Called Strike Scott Richartz steals 2nd base 2-2: Ball 3-2: Foul Ball, location: 2F 3-2: Ground out 5-3 (Groundball, 56, EV 93.1 MPH)
|
|
Batting: LHB Ray Cosey
|
0-0: Ball 1-0: Swinging Strike 1-1: Foul Ball, location: 2F 1-2: Fly out, F8 (Flyball, 8RS, EV 91.9 MPH)
|
|
Batting: RHB Miguel Rodriguez
|
0-0: Ball 1-0: Fly out, F7 (Flyball, 7LM, EV 97.5 MPH)
|
| Bottom of the 3rd over - 0 runs, 0 hits, 0 errors, 1 left on base; Fort Myers 0 - Dunedin 2 |
| TOP OF THE 4TH |
|
Fort Myers Palms batting - Pitching for Dunedin Blue Jays : LHP Dennis Powell
|
|
Batting: RHB Johnny Evans
|
0-0: Fly out, F9 (Line Drive, 9, EV 100.6 MPH)
|
|
Batting: RHB Lindon Duncan
|
0-0: Swinging Strike 0-1: Ball 1-1: Ball 2-1: Foul Ball, location: 2F 2-2: Foul Ball, location: 2F 2-2: Foul Ball, location: 2F 2-2: Foul Ball, location: 2F 2-2: Ground out 5-3 (Groundball, 56S, EV 88.8 MPH)
|
|
Batting: LHB James Atkinson
|
0-0: Called Strike 0-1: Ball 1-1: Swinging Strike 1-2: Ball 2-2: Foul Ball, location: 2F 2-2: Fly out, F8 (Flyball, 8RXD, EV 95.0 MPH)
|
| Top of the 4th over - 0 runs, 0 hits, 0 errors, 0 left on base; Fort Myers 0 - Dunedin 2 |
| BOTTOM OF THE 4TH |
|
Dunedin Blue Jays batting - Pitching for Fort Myers Palms : LHP Rich Devincenzo
|
|
Batting: RHB Dale Berra
|
0-0: Ball 1-0: Swinging Strike 1-1: Called Strike 1-2: Ball 2-2: Foul Ball, location: 2F 2-2: Ball 3-2: SOLO HOME RUN (Flyball, 78XD, EV 95.6 MPH), Distance : 453 ft
|
|
Batting: LHB Manny Leal
|
0-0: SINGLE (Groundball, 4MD, EV 93.8 MPH)
|
|
Batting: RHB Brad Wellman
|
0-0: Called Strike 0-1: Swinging Strike 0-2: Fly out, F4 (Line Drive, 4, EV 69.4 MPH)
|
|
Batting: LHB Monte McAbee
|
0-0: Ball 1-0: Fielders Choice at 2nd, 3-6 (Groundball, 3S, EV 88.8 MPH)
|
|
Batting: RHB Dann Bilardello
|
0-0: Swinging Strike 0-1: Foul Ball, location: 2F 0-2: Fly out, F8 (Flyball, 78XD, EV 92.5 MPH)
|
| Bottom of the 4th over - 1 run, 2 hits, 0 errors, 1 left on base; Fort Myers 0 - Dunedin 3 |
| TOP OF THE 5TH |
|
Fort Myers Palms batting - Pitching for Dunedin Blue Jays : LHP Dennis Powell
|
|
Batting: RHB Matt Sinatro
|
0-0: Swinging Strike 0-1: Called Strike 0-2: Ball 1-2: Ground out 1-3 (Groundball, P, EV 75.6 MPH)
|
|
Batting: RHB Jay Greb
|
0-0: Called Strike 0-1: Foul Ball, location: 2F 0-2: Ball 1-2: Ball 2-2: Foul Ball, location: 2F 2-2: Foul Ball, location: 2F 2-2: Fly out, F9 (Flyball, 89D, EV 86.9 MPH)
|
|
Batting: LHB Arthur Carlisi
|
0-0: Swinging Strike 0-1: Ball 1-1: Foul Ball, location: 2F 1-2: Strikes out swinging
|
| Top of the 5th over - 0 runs, 0 hits, 0 errors, 0 left on base; Fort Myers 0 - Dunedin 3 |
| BOTTOM OF THE 5TH |
|
Dunedin Blue Jays batting - Pitching for Fort Myers Palms : LHP Rich Devincenzo
|
|
Batting: RHB Scott Richartz
|
0-0: Ball 1-0: Fly out, F8 (Line Drive, 8LM, EV 87.5 MPH)
|
|
Batting: RHB David Hall
|
0-0: Ball 1-0: Swinging Strike 1-1: Ball 2-1: Ball 3-1: Base on Balls
|
|
Batting: LHB Ray Cosey
|
0-0: SINGLE (Flyball, 34D, EV 83.1 MPH) David Hall to second
|
|
Batting: RHB Miguel Rodriguez
|
0-0: Grounds into double play, 5-4-3 (Groundball, 56, EV 104.4 MPH)
|
| Bottom of the 5th over - 0 runs, 1 hit, 0 errors, 1 left on base; Fort Myers 0 - Dunedin 3 |
| TOP OF THE 6TH |
|
Fort Myers Palms batting - Pitching for Dunedin Blue Jays : LHP Dennis Powell
|
|
Batting: RHB Tim Brown
|
0-0: Swinging Strike 0-1: Called Strike 0-2: Ball 1-2: Foul Ball, location: 2F 1-2: Fly out, F8 (Flyball, 8RM, EV 91.9 MPH)
|
|
Batting: SHB Porter Wyatt
|
0-0: Fly out, F6 (Flyball, 56D, EV 85.6 MPH)
|
|
Batting: RHB Stanley Baker
|
0-0: Ball 1-0: Ball 2-0: Ball 3-0: Called Strike 3-1: SINGLE (Flyball, 89S, EV 92.5 MPH)
|
|
Batting: RHB Johnny Evans
|
0-0: Called Strike 0-1: Foul Ball, location: 2F 0-2: Foul Ball, location: 2F 0-2: Ground out 4-3 (Groundball, 4, EV 95.6 MPH)
|
| Top of the 6th over - 0 runs, 1 hit, 0 errors, 1 left on base; Fort Myers 0 - Dunedin 3 |
| BOTTOM OF THE 6TH |
|
Dunedin Blue Jays batting - Pitching for Fort Myers Palms : LHP Rich Devincenzo
|
|
Batting: RHB Dale Berra
|
0-0: Ball 1-0: Called Strike 1-1: Ground out 5-3 (Groundball, 56, EV 84.4 MPH)
|
|
Batting: LHB Manny Leal
|
0-0: Called Strike 0-1: Ball 1-1: Called Strike 1-2: Foul Ball, location: 2F 1-2: Foul Ball, location: 2F 1-2: Foul Ball, location: 2F 1-2: Ball 2-2: Ball 3-2: SINGLE (Groundball, 4MD, EV 96.3 MPH)
|
|
Batting: RHB Brad Wellman
|
0-0: Ball 1-0: Foul Ball, location: 2F 1-1: Swinging Strike 1-2: Strikes out swinging
|
|
Batting: LHB Monte McAbee
|
0-0: Ball 1-0: Called Strike 1-1: Foul Ball, location: 2F 1-2: Ball 2-2: Fly out, F9 (Flyball, 89D, EV 102.5 MPH)
|
| Bottom of the 6th over - 0 runs, 1 hit, 0 errors, 1 left on base; Fort Myers 0 - Dunedin 3 |
| TOP OF THE 7TH |
|
Fort Myers Palms batting - Pitching for Dunedin Blue Jays : LHP Dennis Powell
|
|
Batting: RHB Lindon Duncan
|
0-0: Called Strike 0-1: Ball 1-1: Ground out U3 (Groundball, 3, EV 100.0 MPH)
|
|
Batting: LHB James Atkinson
|
0-0: Ball 1-0: SINGLE (Line Drive, 89S, EV 105.6 MPH)
|
|
Batting: RHB Matt Sinatro
|
0-0: Ball 1-0: Ball 2-0: Ball 3-0: Base on Balls James Atkinson to second
|
|
Batting: RHB Jay Greb
|
0-0: Called Strike 0-1: Grounds into double play, 5-4-3 (Groundball, 56, EV 87.5 MPH)
|
| Top of the 7th over - 0 runs, 1 hit, 0 errors, 1 left on base; Fort Myers 0 - Dunedin 3 |
| BOTTOM OF THE 7TH |
|
Dunedin Blue Jays batting - Pitching for Fort Myers Palms : LHP Rich Devincenzo
|
|
Batting: RHB Dann Bilardello
|
0-0: DOUBLE (Line Drive, 7LD, EV 107.5 MPH)
|
|
Batting: RHB Scott Richartz
|
0-0: Called Strike 0-1: Ball 1-1: Ball 2-1: Foul Ball, location: 2F 2-2: Ball 3-2: Foul Ball, location: 2F 3-2: Strikes out swinging
|
|
Batting: RHB David Hall
|
0-0: Intentional Walk
|
|
Batting: LHB Ray Cosey
|
0-0: Fielders Choice at 2nd, 6-4 (Groundball, 6, EV 85.0 MPH) Dann Bilardello to third
|
|
Batting: RHB Miguel Rodriguez
|
0-0: Ground out 5-3 (Groundball, 56, EV 110.0 MPH)
|
| Bottom of the 7th over - 0 runs, 1 hit, 0 errors, 2 left on base; Fort Myers 0 - Dunedin 3 |
| TOP OF THE 8TH |
|
Fort Myers Palms batting - Pitching for Dunedin Blue Jays : LHP Dennis Powell
|
|
Batting: LHB Arthur Carlisi
|
0-0: Ball 1-0: Called Strike 1-1: Swinging Strike 1-2: Ball 2-2: Foul Ball, location: 2F 2-2: Foul Ball, location: 2F 2-2: Foul Ball, location: 2F 2-2: Ball 3-2: Ground out 3-1 (Groundball, 34S, EV 65.0 MPH)
|
|
Batting: RHB Tim Brown
|
0-0: Ground out 4-3 (Groundball, 4, EV 103.1 MPH)
|
|
Batting: SHB Porter Wyatt
|
0-0: Foul Ball, location: 2F 0-1: Ball 1-1: Ball 2-1: Ball 3-1: Ground out 6-3 (Groundball, 6, EV 108.8 MPH)
|
| Top of the 8th over - 0 runs, 0 hits, 0 errors, 0 left on base; Fort Myers 0 - Dunedin 3 |
| BOTTOM OF THE 8TH |
|
Dunedin Blue Jays batting - Pitching for Fort Myers Palms : LHP Rich Devincenzo
|
|
Batting: RHB Dale Berra
|
0-0: Called Strike 0-1: Ball 1-1: Called Strike 1-2: DOUBLE (Flyball, 78D, EV 106.3 MPH)
|
|
Batting: LHB Manny Leal
|
0-0: 2-RUN HOME RUN (Flyball, 78XD, EV 105.0 MPH), Distance : 429 ft
|
|
Pitching: RHP Ignacio Martinez
|
|
|
Batting: RHB Brad Wellman
|
0-0: Ball 1-0: Ground out 5-3 (Groundball, 15, EV 79.4 MPH)
|
|
Batting: LHB Monte McAbee
|
0-0: Ball 1-0: Foul Ball, location: 2F 1-1: Ground out 6-3 (Groundball, 6, EV 90.6 MPH)
|
|
Batting: RHB Dann Bilardello
|
0-0: Ball 1-0: Fly out, F8 (Flyball, 8RS, EV 76.3 MPH)
|
| Bottom of the 8th over - 2 runs, 2 hits, 0 errors, 0 left on base; Fort Myers 0 - Dunedin 5 |
| TOP OF THE 9TH |
|
Fort Myers Palms batting - Pitching for Dunedin Blue Jays : LHP Dennis Powell
|
|
Batting: RHB Stanley Baker
|
0-0: Swinging Strike 0-1: Ball 1-1: Ball 2-1: Called Strike 2-2: Ball 3-2: Foul Ball, location: 2F 3-2: Foul Ball, location: 2F 3-2: Strikes out swinging
|
|
Batting: RHB Johnny Evans
|
0-0: Ball 1-0: Fly out, F5 (Flyball, 5D, EV 83.8 MPH)
|
|
Batting: RHB Lindon Duncan
|
0-0: Ball 1-0: Ball 2-0: Ball 3-0: Called Strike 3-1: Ground out U3 (Groundball, 3L, EV 87.5 MPH)
|
| Top of the 9th over - 0 runs, 0 hits, 0 errors, 0 left on base; Fort Myers 0 - Dunedin 5 |
|